Map: Lerilak Crest

Players

lesha

  • Race: Terran Terran
  • League: Silver

StranaOz - Winner!

  • Race: Zerg Zerg
  • League: Gold

VOD

Have the link to the VOD?

Description

Time

  • Played on: Dec. 30, 2015, 4:58 a.m.
  • Length: 13:16
Show
View Real Time Build Order
Export as new Build Order

lesha Terran 

Build Orders: Reaper Expand, MMM Bio 

Get SALT Encoding   

  12  0:01  SCV  
  13  0:13  SCV  
  14  0:18  Supply Depot  
  14  0:25  SCV  
  15  0:40  SCV  
  15  0:41  Barracks  
  16  0:48  Refinery  
  16  0:52  SCV  
  17  1:04  SCV  
  18  1:16  SCV  
  19  1:28  Orbital Command  
  19  1:32  Reaper  
  20  1:42  Supply Depot  
  20  1:51  Command Center  
  20  1:55  SCV  
  21  2:09  Factory  
  21  2:13  Marine  
  22  2:17  SCV  
  23  2:28  Barracks  
  23  2:29  SCV, Refinery  
  24  2:33  Barracks Reactor  
  24  2:41  SCV  
  25  2:46  Barracks  
  25  2:53  SCV  
  25  2:54  Supply Depot  
  25  3:07  Starport  
  25  3:11  Marine x2  
  27  3:15  Factory Tech Lab  
  27  3:23  Barracks Reactor  
  27  3:27  Orbital Command  
  27  3:29  SCV  
  27  3:32  Marine  
  29  3:39  Marine  
  31  3:42  Barracks Reactor  
  31  3:44  Barracks Tech Lab  
  30  3:49  Medivac  
  30  3:51  Marine  
  33  3:57  Marine  
  34  4:07  Orbital Command  
  34  4:08  Marine x2  
  36  4:11  Marauder  
  36  4:12  Marine  
  36  4:14  Siege Tank  
  42  4:33  Stimpack  
  42  4:34  Marine x4  
  42  4:35  Marine  
  47  4:45  Barracks  
  47  4:47  SCV x2  
  47  4:50  Barracks  
  47  4:52  Marine  
  50  4:59  SCV  
  51  5:08  SCV  
  51  5:11  SCV, Bunker  
  53  5:20  Supply Depot  
  53  5:22  Supply Depot  
  53  5:30  Marine  
  53  5:33  Barracks Reactor  
  54  5:39  Starport Reactor  
  54  5:41  Marine x4  
  54  5:42  Barracks Reactor  
  58  5:44  SCV, Bunker  
  58  5:45  SCV  
  58  5:47  Marine  
  61  5:50  Siege Tank  
  64  5:59  Marine  
  64  6:00  Marine x3  
  68  6:05  Marine  
  69  6:17  Marine  
  70  6:33  Marauder, Marine x4  
  70  6:38  Supply Depot x2  
  70  6:39  Supply Depot  
  76  6:46  Refinery, Engineering Bay  
  76  6:47  SCV x2  
  77  6:48  Refinery, Engineering Bay  
  77  6:49  Medivac  
  77  6:53  Marine  
  81  6:54  Marine  
  81  6:59  SCV x2  
  84  7:11  SCV x2  
  86  7:23  SCV x2  
  86  7:26  Marine x4  
  86  7:27  Marine x5  
  86  7:29  Siege Tank  
  100  7:31  Medivac  
  102  7:46  Terran Infantry Weapons Level 1  
  102  7:47  Terran Infantry Armor Level 1  
  102  7:53  Missile Turret  
  102  7:55  Missile Turret  
  102  8:00  Missile Turret  
  102  8:03  Missile Turret  
  102  8:08  Barracks  
  102  8:09  SCV, Armory  
  102  8:10  Barracks  
  102  8:11  SCV  
  104  8:18  Combat Shields  
  95  8:43  Marine x7  
  95  8:44  Marine x2  
  106  8:48  Siege Tank  
  106  9:00  Marine  
  106  9:01  Marine  
  108  9:03  Marine  
  108  9:04  Marine  
  108  9:05  Barracks Reactor  
  108  9:07  Barracks Reactor  
  110  9:12  Supply Depot  
  110  9:14  Supply Depot  
  110  9:16  Supply Depot  
  110  9:17  Supply Depot  
  110  9:18  Supply Depot  
  110  9:34  Marine x4  
  110  9:37  Supply Depot  
  84  9:45  Marine  
  84  9:46  Marine x6  
  84  9:49  Medivac  
  87  10:06  Terran Infantry Weapons Level 2  
  79  10:07  Terran Infantry Armor Level 2  
  79  10:18  Command Center  
  72  10:31  Marine x8  
  72  10:32  Marine x5  
  84  10:45  Viking x2  
  84  10:48  Marine x2  
  89  11:16  Missile Turret  
  89  11:17  Marine x2  
  89  11:18  Marine x7  
  94  11:19  Missile Turret, Marine x4  
  102  11:35  Command Center  
  102  11:41  Marine x5  
  107  11:49  Marine x2  
  107  11:50  Command Center, Marine x5  
  114  11:59  Marine x3  
  114  12:00  Marine x2  
  114  12:01  Medivac  
  121  12:18  Marine x6  
  121  12:19  Marine x5  
Show
View Real Time Build Order
Export as new Build Order

StranaOz Zerg - Winner!

Build Orders: Hatch First 

Get SALT Encoding   

  12  0:01  Drone  
  13  0:09  Drone  
  14  0:17  Overlord  
  14  0:46  Drone  
  14  0:47  Hatchery  
  14  0:53  Drone  
  15  1:09  Spawning Pool  
  14  1:13  Drone x2  
  14  1:15  Drone  
  17  1:27  Drone  
  18  1:38  Drone, Extractor  
  18  1:49  Drone  
  19  1:56  Queen  
  19  1:57  Zergling x2  
  19  1:58  Queen  
  19  2:00  Drone  
  25  2:10  Drone  
  25  2:11  Drone  
  27  2:30  Drone  
  27  2:31  Overlord x2  
  28  2:45  Lair  
  28  2:52  Drone x2  
  28  2:53  Drone x2  
  32  3:18  Hatchery  
  31  3:22  Roach Warren, Queen  
  31  3:25  Drone x4  
  31  3:26  Drone x2  
  38  3:50  Drone x3  
  38  3:51  Drone x3  
  38  3:52  Overlord x2  
  44  4:01  Extractor  
  43  4:03  Extractor  
  43  4:06  Extractor  
  43  4:07  Glial Reconstitution  
  41  4:20  Roach x2  
  41  4:21  Roach x2  
  49  4:28  Drone  
  49  4:29  Drone x3  
  53  4:35  Hatchery  
  52  4:42  Drone x3  
  52  4:45  Drone x4  
  59  4:46  Drone  
  60  4:58  Queen  
  62  5:04  Evolution Chamber  
  62  5:06  Evolution Chamber  
  60  5:12  Hydralisk Den  
  59  5:23  Drone x4  
  59  5:24  Drone x3  
  66  5:34  Metabolic Boost  
  66  5:36  Zerg Ground Armor Level 1  
  66  5:38  Zerg Missile Weapons Level 1  
  66  5:40  Overlord  
  66  5:41  Overlord x2  
  66  5:54  Roach x3  
  72  5:57  Muscular Augments  
  67  6:30  Drone x5  
  67  6:31  Drone x5  
  67  6:32  Drone x2, Hydralisk x5, Spore Crawler  
  88  6:56  Hydralisk x4  
  96  7:07  Spire  
  95  7:15  Extractor  
  94  7:17  Extractor  
  93  7:34  Infestation Pit  
  92  7:45  Overlord x4  
  92  7:46  Overlord x2, Drone  
  92  7:47  Drone x3  
  92  7:50  Zerg Ground Armor Level 2  
  96  7:52  Zerg Melee Weapons Level 1  
  96  7:55  Lurker Den  
  97  8:05  Drone x2  
  97  8:06  Drone x5  
  97  8:07  Drone x4  
  97  8:08  Drone  
  97  8:11  Hive  
  108  8:16  Zergling x2  
  108  8:17  Zergling x8  
  113  8:23  Spore Crawler  
  111  9:03  Mutalisk x7  
  111  9:04  Mutalisk x5  
  111  9:05  Mutalisk  
  111  9:06  Drone x3  
  111  9:07  Hatchery, Drone x2  
  141  9:15  Zerg Flyer Armor Level 1  
  136  10:07  Zerg Ground Armor Level 3  
  136  10:08  Zerg Melee Weapons Level 2  
  136  10:11  Ultralisk Cavern  
  116  11:16  Ultralisk x4  
  116  11:17  Ultralisk  
  116  11:18  Overlord x3  
  146  11:19  Overlord, Extractor  
  146  11:20  Chitinous Plating  
  146  11:25  Extractor  
  144  11:29  Queen  
  146  11:49  Zergling x12  
  146  11:50  Zergling x10  
  146  11:51  Zergling x10  
  162  12:14  Hatchery  
Tags
 
Add a new tag
Caveats
  • Supply blocks, unpowered buildings, or Contaminate may cause inaccurate times.
  • Supply counts are checked every 10 seconds.